 Dungeon Crawl Stone Soup version 0.30-a0-591-g3c58d2bc28 (webtiles) character file.

Game seed: 8743180240868548620

173 Citaku the Covered (level 5, -1/47 HPs)
             Began as a Minotaur Fighter on Jan 5, 2023.
             Slain by Grinder (5 damage)
             ... on level 3 of the Dungeon.
             The game lasted 00:04:22 (1515 turns).

Citaku the Covered (Minotaur Fighter)               Turns: 1515, Time: 00:04:22

Health: -1/47      AC:  8    Str: 22    XL:     5   Next: 28%
Magic:  4/4        EV:  9    Int:  5    God:
Gold:   199        SH:  4    Dex: 10    Spells: 4/4 levels left

rFire   . . .      SeeInvis .    a - +0 war axe
rCold   . . .      Faith    .    c - +0 buckler
rNeg    . . .      Spirit   .    b - +0 scale mail
rPois   .          Reflect  .    (helmet restricted)
rElec   .          Harm     .    (no cloak)
rCorr   .          Rampage  .    (no gloves)
Will    .....                    p - +0 pair of boots Stlth
                                 (no amulet)
HPRegen 0.27/turn                (no ring)
MPRegen 0.09/turn                (no ring)

@: no status effects
A: horns 2, retaliatory headbutt
a: no special abilities


You were on level 3 of the Dungeon.
You visited 1 branch of the dungeon, and saw 3 of its levels.

You collected 199 gold pieces.

Inventory:

Hand Weapons
 a - a +0 war axe (weapon)
Armour
 b - a +0 scale mail (worn)
 c - a +0 buckler (worn)
 p - a +0 pair of boots (worn)
Scrolls
 e - 4 scrolls of identify {unknown}
 f - 2 scrolls of enchant armour {unknown}
 g - a scroll of noise {unknown}
 h - a scroll of summoning {unknown}
 i - 3 scrolls of immolation {unknown}
 n - a scroll of teleportation {unknown}
 o - a scroll of enchant weapon {unknown}
Potions
 d - a potion of might
 j - a potion of brilliance {unknown}
 k - a potion of ambrosia {unknown}
 l - a potion of curing {unknown}
 m - a potion of haste {unknown}


   Skills:
 + Level 4.3 Fighting
 * Level 4.3 Axes
 * Level 5.1 Armour
 + Level 4.4 Shields


You had 4 spell levels left.
You didn't know any spells.
Your spell library was empty.

Dungeon Overview and Level Annotations

Branches:
Dungeon (3/15)

Altars:

Annotations:
D:3 Grinder


Innate Abilities, Weirdness & Mutations

You have a pair of horns on your head.
You reflexively headbutt those who attack you in melee.


Message History

No target in view!
You see here a +0 pair of boots.
p - a +0 pair of boots You start putting on your armour.
You continue putting on your +0 pair of boots. x2
You hear the slow rusting of a distant drain.
You continue putting on your +0 pair of boots. x2
You finish putting on your +0 pair of boots.
Grinder comes into view.
She is carrying a wand of roots (9).
Grinder shouts!
Grinder gestures at you. You resist with significant effort.
You slash Grinder! Your headbutt misses Grinder.
Grinder is moderately wounded.
Grinder hits you but does no damage.
You hit Grinder but do no damage. You headbutt Grinder.
Grinder is moderately wounded.
Grinder zaps a wand.
The roots erupt in riotous growth!
The grasping roots grab you!
Grinder is unaffected.
The grasping roots constrict you!
You hear an angry hiss.
You hit Grinder. Your headbutt misses Grinder.
Grinder is moderately wounded.
Grinder hits you but does no damage. The grasping roots constrict you!
Grinder gestures at you.
You suddenly lose the ability to move!
The grasping roots constrict you. Grinder hits you.
You writhe in agony.
The grasping roots constrict you!
The grasping roots release their grip on you.
Grinder hits you.
* * * LOW HITPOINT WARNING * * *
Grinder hits you but does no damage.
Grinder blinks!
You can move again.
You are too injured to fight recklessly!
You barely miss Grinder.
Grinder is moderately wounded.
Grinder hits you!
* * * LOW HITPOINT WARNING * * *
You writhe in agony.
You die...

.###.............####
........########.#
.######.########.#
#........#.#
#..#####.#.# #..# ...
#..# ..#
###.##++##..# .##
.......@5...#
#######...........
#######...## ##... ##


You could see Grinder.

Vanquished Creatures
  Jessica (D:2)
  Terence (D:2)
  7 adders
  2 worms
  2 dart slugs (D:2)
  5 orcs (D:2)
  5 bats
  5 endoplasms
  4 giant cockroaches
  2 goblins
  2 hobgoblins (D:1)
  3 frilled lizards (D:1)
  7 kobolds
  5 rats
51 creatures vanquished.

Notes
Turn   | Place    | Note
-------+----------+-------------------------------------------
     0 | D:1      | Citaku the Minotaur Fighter began the quest for the Orb.
     0 | D:1      | Reached XP level 1. HP: 19/19 MP: 0/0
    62 | D:1      | Reached XP level 2. HP: 27/27 MP: 1/1
   273 | D:1      | Reached skill level 4 in Armour
   625 | D:2      | Noticed Jessica
   627 | D:2      | Killed Jessica
   628 | D:2      | Reached XP level 3. HP: 33/33 MP: 2/2
   796 | D:2      | Noticed Terence
   801 | D:2      | Killed Terence
   802 | D:2      | Reached XP level 4. HP: 35/40 MP: 3/3
  1309 | D:3      | Reached skill level 5 in Armour
  1338 | D:3      | Reached XP level 5. HP: 39/46 MP: 4/4
  1504 | D:3      | Noticed Grinder
  1510 | D:3      | Paralysed by Grinder for 5 turns
  1515 | D:3      | Slain by Grinder

Illustrated notes

Levels and vault maps discovered:
D:1:      erik_arrival_blinker_ship, layout_basic, glass_columns_b,
          amcnicky_mini_pool_small
D:2:      layout_basic, kennysheep_generic_room_14, uniq_terence, uniq_jessica
D:3:      layout_loops_cross, general_overflow_altar, old_standard_altar,
          shapermc_ecumenical_altar_venn, portal_sewer_entry_f,
          chequers_serial_rivers_large_b, minmay_cut_off, uniq_grinder

Skill      XL: |  1  2  3  4 |
---------------+-------------+-----
Armour         | 4 5 |  5.1
Axes           | 3 4 |  4.3
Shields        | 4 |  4.4
Fighting       | 4 |  4.3

Action                   |  1- 3 |  4- 6 || total
-------------------------+-------+-------++-------
Melee: War axe           |    43 |    67 ||   110
       Headbutt          |     4 |     7 ||    11
Armor: Scale mail        |    27 |    30 ||    57
Dodge: Dodged            |    19 |    24 ||    43
Block: Buckler           |     6 |    15 ||    21

Table legend: (Time is in decaauts)
 A = Elapsed time spent in this place.
 B = Non-inter-level travel time spent in this place.
 C = Inter-level travel time spent in this place.
 D = Time resting spent in this place.
 E = Time spent auto-exploring this place.
 F = Levels seen in this place.
 G = Mean time per level.
                   A        B        C        D        E       F      G
               +--------+--------+--------+--------+--------+-----+--------+
         Total |   1554 |   1554 |      0 |      0 |   1121 |   3 |  518.0 |
       Dungeon |   1554 |   1554 |      0 |      0 |   1121 |   3 |  518.0 |
               +--------+--------+--------+--------+--------+-----+--------+

Top non-repeatable levels by time:
     D:2: 694 daAuts
     D:1: 637 daAuts
     D:3: 222 daAuts
